groovejumper, neutral female human Wizard ------------ ----- --------------- |..........| |...| |.............| |..>.......| |.%.-######### |.............| |..........| |%^.| # |.............| |..........| |.^^| # |.............|##@K###...........| ----- ###### ----.----------# ------------ # # # )%## ### # # # # #%# -------- ### ### % -------- |.......###### # ### |......| ----------- |......| ### ## ######-*.<...| |.........| |......| ###---.----#### |......| |.........-#########|......| ##-.......#### -------- -------- |.........| #-------- |...{..| # |...{..| |.........| #################.......|#####################.>.....| ----------- -------- -------- groovejumper the Thaumaturge Experience level: 6 Strength: 9 Dexterity: 13 Constitution: 14 Intelligence: 18 Wisdom: 13 Charisma: 8 Health: 0(50) Energy: 36(50) AC: 9 Gold: 0 Moves: 2887 Your Inventory: Weapons a - a blessed +1 quarterstaff (weapon in hands) Armor b - an uncursed +0 cloak of magic resistance (being worn) Scrolls k - a blessed unlabeled scroll [of blank paper] x - an uncursed unlabeled scroll [of blank paper] z - an uncursed unlabeled scroll [of blank paper] Spellbooks l - a blessed plain spellbook [of blank paper] m - an uncursed plain spellbook [of blank paper] r - an [uncursed] plain spellbook [of blank paper] Rings d - an uncursed +1 ring of adornment e - an uncursed ring of see invisible Wands c - an uncursed wand of undead turning (0:6) Tools s - an [uncursed] magic whistle Spells known in the end: Name Level Category Fail Memory a - force bolt 1 attack 0% [|||||||.] b - sleep 1 enchantment 0% [|||||||.] c - create monster 2 clerical 43% [||||||||] Your skills at the end: Fighting Skills Weapon Skills quarterstaff [Basic / Expert] Spellcasting Skills attack spells [Basic / Expert] enchantment spells [Basic / Skilled] Final Attributes: You were piously aligned. Hunger level was 117. Your alignment was 24 / 24. Monster difficulty range was 0 - 5. Level difficulty was 4. You were magic-protected. You aggravated monsters. You were unlucky (-3). You are dead. Vanquished creatures: a small mimic a wood nymph a shrieker a gnome lord a giant ant a kitten a homunculus a rothe a centipede a giant bat 2 coyotes a hobbit a large kobold a giant rat 2 green molds 15 Keystone Kops 2 geckos 5 jackals 4 sewer rats a grid bug a bat 3 lichens 4 newts 52 creatures vanquished. Voluntary challenges: You used a wielded weapon 44 times. You read items or engraved 15 times. You put on armor 1 time. You never genocided any monsters. You never polymorphed an object. You never changed form. You used no wishes. You wrote Elbereth's name 10 times. You never encountered a bones level. You never used any Sokoban shortcuts. Dungeon overview: The Dungeons of Doom: levels 1 to 5 Level 1 a fountain a long staircase Level 3 a pet store, an altar, a fountain Level 4 <- You were here a scroll shop, some fountains a long staircase History has recorded: On T:1 you entered the Dungeons of Doom to retrieve the Amulet of Yendor! On T:330 you reached level 2 of The Dungeons of Doom. On T:491 you advanced to experience level 2. On T:599 you advanced to experience level 3. On T:929 you reached level 3 of The Dungeons of Doom. On T:1035 you advanced to experience level 4. On T:1606 you reached level 4 of The Dungeons of Doom. On T:1820 you advanced to experience level 5. On T:2010 you advanced to experience level 6. On T:2069 you reached level 5 of The Dungeons of Doom. Latest messages: Never mind. The sleep ray hits Kilgarvan. Kilgarvan hits! (2x) [HP-14=19] Something is written here in the dust. You read: "E e ??". Something is written here in the dust. You read: "Ll|??eth". Something is written here in the dust. You read: "_|? re?h". [HP+1=20] You hit the Keystone Kop. The Keystone Kop swings his rubber hose. The Keystone Kop hits! Kilgarvan swings her club. Kilgarvan hits! Kilgarvan swings her club. Kilgarvan hits! You die... Kilgarvan takes all your possessions. Final status: Goodbye groovejumper the Wizard... You died in The Dungeons of Doom on dungeon level 4 with 736 points, and 0 pieces of gold, after 2887 moves. You were level 6 with a maximum of 50 hit points when you died.